 Dungeon Crawl Stone Soup version 0.23-b1-86-gba62f8e092 (webtiles) character file.

Game seed: 5598679447155333095

39 Nierin the Sneak (level 3, 23/24 HPs)
             Began as an Octopode Assassin on Feb 8, 2019.
             Got out of the dungeon alive.
             The game lasted 00:14:17 (1157 turns).

Nierin the Sneak (Octopode Assassin)                Turns: 1157, Time: 00:14:18

Health: 23/24      AC:  1    Str: 11    XL:     3   Next: 47%
Magic:  3/3        EV: 13    Int: 13    God:
Gold:   15         SH:  0    Dex: 13    Spells: 2/2 levels left

rFire    . . .     SeeInvis .   a - +2 dagger
rCold    . . .     Gourm    .   (no shield)
rNeg     . . .     Faith    .   (helmet restricted)
rPois    .         Spirit   .   (no amulet)
rElec    .         Reflect  .   (no ring)
rCorr    .         Harm     .   (no ring)
MR       .....                  (no ring)
Stlth    ++++......             (no ring)
HPRegen  0.08/turn              (no ring)
MPRegen  0.08/turn              (no ring)
                                (no ring)
                                (no ring)

@: no status effects
A: almost no armour, stealthy swim, amphibious, 8 rings, constrict 8, camouflage
1, gelatinous body 1
a: no special abilities


You escaped.
You were hungry.

You visited 1 branch of the dungeon, and saw 2 of its levels.

You collected 15 gold pieces.

Inventory:

Hand Weapons
 a - a +2 dagger (weapon)
 b - a +0 blowgun
 g - a +0 hand axe
 j - a +0 hunting sling
 m - a +0 dagger
Missiles
 c - 25 poisoned needles (quivered)
 d - 2 curare-tipped needles
 h - 6 needles of paralysis
 l - 24 stones
Armour
 e - a +2 pair of gloves
 k - a cursed +1 robe
Comestibles
 f - 2 rations


   Skills:
 + Level 2.1 Fighting
 + Level 2.3 Short Blades
 + Level 2.2 Throwing
 + Level 1.1 Dodging
 + Level 6.4 Stealth


You had 2 spell levels left.
You didn't know any spells.
Your spell library was empty.

Dungeon Overview and Level Annotations

Branches:
Dungeon (2/15)

Altars:


Innate Abilities, Weirdness & Mutations

You cannot wear most types of armour.
You are very stealthy in the water. (Stealth+)
You are amphibious.
You can wear up to eight rings at the same time.
You can use your tentacles to constrict eight enemies at once.
Your skin changes colour to match your surroundings (Stealth+).
Your rubbery body absorbs attacks. (AC +1, EV +1)


Message History

Found a stone staircase leading down.
Found 9 stones.
There is a stone staircase leading up here.
You can't go down here!
You climb upwards.
There is a stone staircase leading down here.
There is a large open door here.
There is a large open door here.
There is a staircase leading out of the dungeon here.
You can't go down here!
Are you sure you want to leave the Dungeon?
This will make you lose the game!
Alright, then stay!
There is a staircase leading out of the dungeon here.
You can't go down here!
Are you sure you want to leave the Dungeon?
This will make you lose the game! [Y]es or [N]o only, please.
Are you sure you want to leave the Dungeon?
This will make you lose the game!
Alright, then stay!
Are you sure you want to leave the Dungeon?
This will make you lose the game!
You have escaped!

#.#..#.....##.##..##.# ######
#....#..⌠..##.##..##.#
###....#.....##.##..##.#
#......#..8..##.##..##.#
#....###.....##.######.#
####.# ##'#####.# ##.##
#.###...##########...##
#..##...##...##.......#
#####.>.''.@.#####....#
#...##...# ##.#.######
#...###### #......... ##...#
#.#.#####. #.#..# #.#.# #.
####### #.##.# #.#.### #.
......###.##.###########.#...#
#.
#####.##...............#.###.#
#. #.##.............#.#.# #.#
#.


There were no monsters in sight!

Vanquished Creatures
  A worm (D:2)
  A dart slug (D:1)
  A ball python (D:2)
  2 bats (D:1)
  A hobgoblin (D:1)
  10 jackals (D:1)
  3 kobolds
  A frilled lizard (D:1)
  5 goblins (D:1)
  6 rats
31 creatures vanquished.

Notes
Turn   | Place    | Note
-------+----------+-------------------------------------------
     0 | D:1      | Nierin the Octopode Assassin began the quest for the Orb.
     0 | D:1      | Reached XP level 1. HP: 14/14 MP: 1/1
    80 | D:1      | Reached XP level 2. HP: 16/19 MP: 2/2
   233 | D:1      | Reached skill level 6 in Stealth
   413 | D:1      | Reached XP level 3. HP: 19/24 MP: 3/3
  1157 | D:$      | Got out of the dungeon alive.

Skill      XL: |  1  2 |
---------------+-------+-----
Stealth        | 6 |  6.4
Fighting       | |  2.1
Short Blades   | |  2.3
Throwing       | |  2.2
Dodging        | |  1.1

Action                   || total
-------------------------++-------
Melee: Dagger            ||    59
       Constrict         ||    13
       Tentacles         ||    10
  Use: Scroll            ||     2
       Potion            ||     2
 Stab: Sleeping          ||     9
       Distracted        ||     1
Armor: Skin              ||     3
Dodge: Dodged            ||    33
